 Dungeon Crawl Stone Soup version 0.29.1-15-g9cfb28693d (webtiles) character file.

Game seed: 5513986620790654545

1141 Anriel the Trooper (level 8, 0/64 HPs)
             Began as a Human Fighter on Mar 2, 2023.
             Succumbed to a gnoll's poison
             ... on level 4 of the Dungeon.
             The game lasted 00:21:52 (4868 turns).

Anriel the Trooper (Human Fighter)                  Turns: 4868, Time: 00:21:53

Health: 0/64       AC: 10    Str: 18    XL:     8   Next: 64%
Magic:  8/8        EV:  9    Int: 10    God:
Gold:   295        SH:  5    Dex: 15    Spells: 7/7 levels left

rFire   . . .      SeeInvis .   s - +0 morningstar (protect)
rCold   . . .      Faith    .   c - +0 buckler
rNeg    . . .      Spirit   .   b - +0 scale mail
rPois   .          Reflect  .   k - +0 helmet
rElec   .          Harm     .   (no cloak)
rCorr   .          Rampage  .   (no gloves)
Will    +....                   i - +1 pair of boots
Stlth   ..........              (no amulet)
HPRegen 0.20/turn               l - ring "Alashrae" {Will+ Dex+3}
MPRegen 0.11/turn               (no ring)

@: brilliant, lethally poisoned (0 -> -2)
A: no striking features
a: no special abilities


You were on level 4 of the Dungeon.
You visited 1 branch of the dungeon, and saw 4 of its levels.
You also visited: Ossuary.

You collected 295 gold pieces.

Inventory:

Hand Weapons
 s - a +0 morningstar of protection (weapon)
Armour
 b - a +0 scale mail (worn)
 c - a +0 buckler (worn)
 i - a +1 pair of boots (worn)
 j - a +0 tower shield
 k - a +0 helmet (worn)
 n - the +1 robe of Relativism {+Blink Will- Regen+ Int+10}
   (You found it on level 3 of the Dungeon)

   Int:       It affects your intelligence (+10).
   +Blink:    It lets you blink.
   Regen:     It increases your rate of health regeneration.
   Will:      It decreases your willpower.
Jewellery
 l - the ring "Alashrae" (left hand) {Will+ Dex+3}
   (You found it on level 3 of the Dungeon)

   [ring of willpower]

   Dex:       It affects your dexterity (+3).
   Will:      It increases your willpower.
Wands
 g - a wand of paralysis (9)
Scrolls
 e - 2 scrolls of teleportation
 h - 3 scrolls of amnesia
 o - a scroll of immolation
 p - a scroll of summoning
Potions
 d - a potion of magic {unknown}
 f - 2 potions of flight
 m - a potion of haste
 q - a potion of brilliance
 u - a potion of ambrosia {unknown}


   Skills:
 - Level 6.0 Fighting
 + Level 5.9 Maces & Flails
 - Level 5.0 Armour
 + Level 4.8 Shields
 + Level 1.5 Evocations


You had 7 spell levels left.
You didn't know any spells.
Your spell library contained the following spells:

 Spells                   Type           Power      Damage    Failure   Level
 Gell's Gravitas          Tloc           0%         N/A       99%         3
 Teleport Other           Tloc           0%         N/A       99%         3
 Hailstorm                Conj/Ice       0%         3d3       100%        4
 Ice Form                 Ice/Tmut       0%         N/A       100%        4
 Dispersal                Tloc           0%         N/A       100%        6
 Simulacrum               Ice/Necr       0%         N/A       100%        6


Dungeon Overview and Level Annotations

Branches:
Dungeon (4/15)            Ossuary (visited)
 Temple: D:4-7

Altars:


Message History

The gnoll is almost dead.
You feel very sick. You block the gnoll's attack.
The hobgoblin barely misses you.
You puncture the gnoll!
You kill the gnoll!
You feel very sick. You block the hobgoblin's attack.
You hit the gnoll.
The gnoll is lightly wounded.
You feel very sick. The gnoll hits you with a +0 flail.
The hobgoblin closely misses you.
You closely miss the gnoll.
The gnoll is lightly wounded.
You feel very sick. The gnoll barely misses you.
The hobgoblin closely misses you. The gnoll closely misses you.
The hobgoblin hits you but does no damage.
You closely miss the gnoll.
The gnoll is lightly wounded.
You feel sick. The gnoll hits you but does no damage.
You block the hobgoblin's attack.
You closely miss the gnoll.
The gnoll is lightly wounded.
You feel sick. The gnoll hits you with a +0 flail.
* * * LOW HITPOINT WARNING * * *
The hobgoblin hits you but does no damage.
Okay, then.
You hit the gnoll.
The gnoll is moderately wounded.
You feel sick. The gnoll hits you with a +0 flail.
* * * LOW HITPOINT WARNING * * *
The hobgoblin closely misses you. The gnoll attacks as you move away!
The gnoll hits you with a +0 flail.
* * * LOW HITPOINT WARNING * * *
x2 You feel sick.
You see here a +0 whip.
Okay, then.
It was a potion of brilliance.
You feel clever all of a sudden.
You die...

.............##.#..
..............#...
...............#.###
...................#######
..............#..........#
..............##.........#
#####........# ##g.......#
##........####g.......#
#............@........#
#........#.)#.........#
#........#......#######
#...............#
#...............#
##....>...#.....#
##.............#
###############


You could see a gnoll and a hobgoblin.

Vanquished Creatures
  An ogre (D:4)
  Blork the orc (D:4)
  4 elf zombies (Ossuary)
  A scorpion (D:4)
  3 centaur zombies (Ossuary)
  2 hounds (D:4)
  An orc priest (D:4)
  2 human zombies (Ossuary)
  2 orc wizards (D:4)
  6 hound zombies (Ossuary)
  3 mummies (Ossuary)
  7 gnolls
  4 adders
  2 adder zombies (Ossuary)
  2 worms
  4 dart slugs
  15 orcs
  6 ball pythons
  3 bats
  8 endoplasms
  3 giant cockroaches (D:2)
  3 goblins
  7 hobgoblins
  3 jackals (D:2)
  7 kobolds
  2 quokkas
  6 frilled lizards
  5 goblin zombies (Ossuary)
  2 hobgoblin zombies (Ossuary)
  3 jackal zombies (Ossuary)
  6 kobold zombies (Ossuary)
  An orc zombie (Ossuary)
  A quokka zombie (Ossuary)
  3 rats (D:1)
  3 rat zombies (Ossuary)
132 creatures vanquished.

Notes
Turn   | Place    | Note
-------+----------+-------------------------------------------
     0 | D:1      | Anriel the Human Fighter began the quest for the Orb.
     0 | D:1      | Reached XP level 1. HP: 18/18 MP: 1/1
   296 | D:1      | Reached XP level 2. HP: 24/24 MP: 2/2
   702 | D:2      | Reached XP level 3. HP: 29/29 MP: 3/3
   774 | D:2      | HP: 1/29 [gnoll/+0 flail (9)]
  1488 | D:1      | Reached XP level 4. HP: 22/36 MP: 4/4
  2075 | D:2      | Found a faded altar of an unknown god.
  2171 | D:2      | Reached XP level 5. HP: 42/42 MP: 5/5
  2486 | D:2      | Reached skill level 4 in Fighting
  2963 | D:3      | Identified the ring "Alashrae" {Will+ Dex+3}
  3182 | D:3      | Identified the +1 robe of Relativism {+Blink Will- Regen+
                  | Int+10}
  3484 | D:4      | Reached XP level 6. HP: 27/49 MP: 6/6
  3545 | D:4      | Noticed an ogre
  3558 | D:4      | Killed an ogre
  3608 | D:4      | Noticed Blork the orc
  3632 | D:4      | Killed Blork the orc
  3633 | D:4      | Reached skill level 5 in Armour
  3633 | D:4      | Reached XP level 7. HP: 15/55 MP: 7/7
  3685 | D:4      | Reached skill level 5 in Fighting
  3993 | D:4      | Found a sand-covered staircase.
  4002 | Ossuary  | Entered an ossuary
  4076 | Ossuary  | Reached skill level 5 in Maces & Flails
  4326 | Ossuary  | Reached XP level 8. HP: 59/63 MP: 8/8
  4516 | Ossuary  | Reached skill level 6 in Fighting
  4617 | Ossuary  | Reached skill level 1 in Evocations
  4826 | Ossuary  | Identified a scroll of acquirement
  4826 | Ossuary  | Acquired a +0 morningstar of protection
  4867 | D:4      | HP: 1/64 [gnoll/+0 flail (5)]
  4868 | D:4      | Succumbed to a gnoll's poison

Illustrated notes

Levels and vault maps discovered:
D:1:      minmay_arrival_cross, layout_basic
D:2:      layout_basic, dreamdust_ecumenical_altar_angels_and_demons
D:3:      minmay_chambers_of_threes, layout_loops_cross
D:4:      layout_rooms, nicolae_ossuary_entry_ruins, st_stairs_12,
          uniq_blork_the_orc

Skill      XL: |  1  2  3  4  5  6  7  8 |
---------------+-------------------------+-----
Maces & Flails | 3 4 5 |  5.9
Fighting       | 4 5 6 |  6.0
Armour         | 4 5 |  5.0
Shields        | 4 |  4.8
Evocations     | 1 |  1.5

Action                   |  1- 3 |  4- 6 |  7- 9 || total
-------------------------+-------+-------+-------++-------
Melee: Flail             |    76 |   127 |       ||   203
       Mace              |       |    73 |   309 ||   382
       Morningstar       |       |       |    13 ||    13
  Use: Scroll            |     3 |     5 |     6 ||    14
       Potion            |     1 |     3 |     1 ||     5
Armor: Scale mail        |    18 |   107 |   229 ||   354
Dodge: Dodged            |    39 |    80 |   174 ||   293
Block: Buckler           |    22 |    46 |    87 ||   155
